 Dungeon Crawl Stone Soup version 0.32-a0-30-gefbe487 (webtiles) character file.

Game seed: 6311373368381104202

2591 nonaganolife the Thaumaturge (level 9, 0/73 HPs)
             Began as a Naga Alchemist on Jan 18, 2024.
             Was a Follower of Sif Muna.
             Slain by a centaur
             ... wielding a +0 glaive
              (5 damage)
             ... on level 7 of the Dungeon on Jan 19, 2024.
             The game lasted 00:30:19 (6735 turns).

nonaganolife the Thaumaturge (Naga Alchemist)       Turns: 6735, Time: 00:30:20

Health: 0/73       AC:  5    Str: 11    XL:     9   Next: 58%
Magic:  11/22      EV: 10    Int: 26    God:    Sif Muna [*.....]
Gold:   403        SH:  0    Dex: 17    Spells: 11/26 levels left

rFire   + . .        u - +3 short sword (freeze)
rCold   . . .        (no shield)
rNeg    + . .        a - +0 robe
rPois   +            (no helmet)
rElec   .            (no cloak)
rCorr   .            p - +0 pair of gloves of Vermicelli {rF+ Dex+6}
SInv    +            (no barding)
Will    +....        (no amulet)
Stlth   ++           k - ring of positive energy
HPRegen 0.32/turn    q - +6 ring of intelligence
MPRegen 0.18/turn

%: no passive effects
@: very slow
A: AC +3, large, see invisible, deformed body, poison resistance, slowness 2,
spit poison 1, naga tail 1
a: Spit Poison, Renounce Religion, Channel Magic


You were on level 7 of the Dungeon.
You worshipped Sif Muna.
Sif Muna was aware of your devotion.
You visited 2 branches of the dungeon, and saw 8 of its levels.
You also visited: Ossuary.

You collected 403 gold pieces.

Inventory:

Hand Weapons
 u - a +3 short sword of freezing (weapon)
 A - a +1 spear of venom
Missiles
 w - 9 throwing nets
Armour
 a - a +0 robe (worn)
 n - the +0 leather armour of Proximity {rElec rF+ Dex+2}
   (You found it on level 2 of the Dungeon)

   Dex+2:     It affects your dexterity (+2).
   rF+:       It protects you from fire.
   rElec:     It insulates you from electricity.
 p - the +0 pair of gloves of Vermicelli (worn) {rF+ Dex+6}
   (You found it on level 3 of the Dungeon)

   Dex+6:     It affects your dexterity (+6).
   rF+:       It protects you from fire.
 G - a +0 buckler
Jewellery
 k - a ring of positive energy (left hand)
 m - a ring of protection from fire
 q - a +6 ring of intelligence (right hand)
 y - a +4 ring of protection
 F - a +5 ring of evasion
Wands
 s - a wand of polymorph (6)
 x - a wand of charming (10)
 D - a wand of digging (6)
 E - a wand of iceblast (13)
Scrolls
 d - 2 scrolls of revelation
 f - a scroll of enchant weapon
 h - 3 scrolls of poison {unknown}
 j - 4 scrolls of fog
 l - 3 scrolls of amnesia
 z - a scroll of torment {unknown}
 B - 4 scrolls of enchant armour
 C - 2 scrolls of immolation {unknown}
Potions
 b - a potion of magic
 c - 2 potions of heal wounds
 e - 2 potions of mutation
 g - a potion of curing {unknown}
 i - 2 potions of invisibility
 o - a potion of attraction
 r - 2 potions of resistance
 t - a potion of brilliance {unknown}
 v - a potion of cancellation


   Skills:
 - Level 2.0 Fighting
 - Level 1.5 Dodging
 - Level 3.0 Stealth
 + Level 9.0 Spellcasting
 + Level 4.8 Conjurations
 - Level 2.0 Fire Magic
 - Level 6.0 Alchemy
 + Level 4.6 Invocations


You had 11 spell levels left.
You knew the following spells:

 Your Spells              Type           Power      Damage    Failure   Level
a - Sting                 Conj/Alch      100%       1d9       1%          1
b - Mercury Vapours       Alch/Air       54%        N/A       2%          2
c - Olgreb's Toxic Radia  Alch           43%        N/A       4%          4
d - Sticky Flame          Fire/Alch      32%        2d7       10%         4
e - Mephitic Cloud        Conj/Alch/Air  30%        N/A       3%          3
f - Shock                 Conj/Air       96%        1d9       1%          1

Your spell library contained the following spells:

 Spells                   Type           Power      Damage    Failure   Level
 Kiss of Death            Conj/Necr      96%        2d12      1%          1
 Hailstorm                Conj/Ice       24%        3d7       5%          3
 Confusing Touch          Hex            11%        N/A       16%         3
 Swiftness                Air            11%        N/A       16%         3
 Tukima's Dance           Hex            11%        N/A       16%         3
 Iskenderun's Battlesphe  Conj           36%        2d9       19%         5
 Yara's Violent Unravell  Hex/Alch       13%        3d7       38%         5
 Airstrike                Air            5%         2d(1-17)  45%         4
 Dispel Undead            Necr           11%        3d9       45%         4
 Passage of Golubria      Tloc           11%        N/A       45%         4
 Starburst                Conj/Fire      14%        6d6       88%         6


Dungeon Overview and Level Annotations

Branches:
Dungeon (7/15) Zot: 25570  Temple (1/1) D:5 Zot: 5969 Ossuary (visited)

Altars:
Ashenzari
Cheibriados
Dithmenos
Elyvilon
Fedhas
Hepliaklqana
Kikubaaqudgha
Makhleb
Nemelex Xobeh
Okawaru
Qazlal
Ru
Sif Muna
Trog
Uskayaw
Vehumet
Wu Jian
Xom
Yredelemnul
Zin
The Shining One


Innate Abilities, Weirdness & Mutations

Your serpentine skin is tough. (AC +3)
You have supernaturally acute eyesight. (SInv)
Armour fits poorly on your strangely shaped body.
Your system is resistant to poisons. (rPois)
You cover ground very slowly.
You can spit poison.
You have a snake-like lower body.


Message History

Your toxic aura wanes.
The ice beast burns!
You kill the ice beast!
Sif Muna accepts your kill. x2
You feel a bit more experienced.
You kill the orc!
Sif Muna accepts your kill.
The centaur unwields a +0 glaive.
The centaur wields a +0 orcbow.
The centaur shoots an arrow.
The arrow hits you.
The centaur shoots an arrow.
The arrow barely misses the orc wizard.
The arrow closely misses you. 5의 피해를 받았습니다. 현재 남은 체력은 [45/73] 입니다.
Sif Muna accepts your kill.
You feel a bit more experienced.
The centaur shoots an arrow.
The arrow hits the orc wizard.
You hear a shout!
The orc wizard looks more healthy.
The orc wizard closely misses you.
The centaur shoots an arrow.
The arrow closely misses the orc wizard.
The arrow barely misses you.
A centaur comes into view.
The centaur shoots an arrow.
The arrow hits the orc wizard!
The orc wizard dies!
The centaur wields a +0 orcbow.
The centaur shoots an arrow.
The arrow hits you!
The centaur shoots an arrow.
The arrow hits you!
The centaur shoots an arrow.
The arrow closely misses you. 18의 피해를 받았습니다. 현재 남은 체력은 [28/73] 입니다. 악! 이건 정말로 아프다!
The centaur shoots an arrow.
The arrow barely misses you.
The centaur shoots an arrow.
The arrow hits you!
* * * LOW HITPOINT WARNING * * *
The centaur shoots an arrow.
The arrow hits you!
* * * LOW HITPOINT WARNING * * *
The centaur shoots an arrow.
The arrow hits you!
* * * LOW HITPOINT WARNING * * *
25의 피해를 받았습니다. 현재 남은 체력은 [3/73] 입니다. 악! 이건 정말로 아프다!
Okay, then.
The centaur unwields a +0 orcbow.
The centaur wields a +0 glaive.
The centaur hits you with a +0 glaive.
You die...

### #.. #.# # #.# .#
#.# ..# ####†####
...# #.)..cc.# ....#
#.##@##)##.....#
#.##.##.))......
#.##.##.........
#.##.##.........
######..........cc...
#.......#......###...
#.#####.#......# ..
#.#......# .
#.##......


You could see 2 centaurs.

Vanquished Creatures
  Pikel (D:4)
  An ice beast (D:7)
  A sky beast (D:7)
  A wolf (D:6)
  Blork the orc (D:5)
  3 lemures (D:4)
  6 gnoll sergeants (D:6)
  2 scorpions
  5 wights (D:4)
  A howler monkey (D:6)
  A bombardier beetle (D:4)
  2 jellies
  2 gnoll boudas (D:6)
  A quasit (D:4)
  7 hounds
  An orc priest (D:4)
  3 iguanas
  2 orc wizards
  3 mummies (Ossuary)
  7 adders
  22 gnolls
  2 white imps
  3 dart slugs
  14 orcs
  7 ball pythons
  6 endoplasms
  2 giant cockroaches
  2 gnoll zombies (Ossuary)
  9 hobgoblins
  8 jackals
  8 kobolds
  4 quokkas
  5 bats
  5 frilled lizards
  2 goblins
  2 kobold zombies (Ossuary)
  An orc zombie (Ossuary)
  9 rats
162 creatures vanquished.

Vanquished Creatures (others)
  An orc wizard (D:7)
1 creature vanquished.

Grand Total: 163 creatures vanquished

Notes
Turn   | Place    | Note
-------+----------+-------------------------------------------
     0 | D:1      | nonaganolife the Naga Alchemist began the quest for the
                  | Orb.
     0 | D:1      | Reached XP level 1. HP: 15/15 MP: 3/3
    66 | D:1      | Got the Volume of the Impact
    74 | D:1      | Reached skill level 1 in Fighting
   116 | D:1      | Reached XP level 2. HP: 23/25 MP: 0/5
   647 | D:1      | Reached XP level 3. HP: 31/31 MP: 6/6
  1090 | D:2      | Upgraded the game from 0.32-a0-25-g86f1af2 to
                  | 0.32-a0-30-gefbe487
  1517 | D:2      | Identified the +0 leather armour of Proximity {rElec rF+
                  | Dex+2}
  1940 | D:3      | Identified the +0 pair of gloves of Vermicelli {rF+ Dex+6}
  2485 | D:4      | Reached XP level 4. HP: 38/38 MP: 8/8
  2488 | D:4      | Learned a level 2 spell: Mercury Vapours
  2493 | D:4      | Learned a level 4 spell: Olgreb's Toxic Radiance
  2513 | D:4      | Noticed a lemure
  2527 | D:4      | Learned a level 1 spell: Shock
  2532 | D:4      | Found a sand-covered staircase.
  2539 | Ossuary  | Entered an ossuary
  2715 | Ossuary  | Noticed a weeping skull
  2846 | Ossuary  | Reached skill level 3 in Spellcasting
  3175 | D:4      | Noticed Pikel
  3198 | D:4      | Killed a lemure
  3267 | D:4      | Reached skill level 5 in Alchemy
  3267 | D:4      | Reached XP level 5. HP: 36/44 MP: 2/10
  3455 | D:4      | Reached skill level 4 in Spellcasting
  3455 | D:4      | Reached XP level 6. HP: 10/51 MP: 1/12
  3571 | D:3      | Learned a level 4 spell: Sticky Flame
  3593 | D:3      | HP: 1/51 [white imp (3)]
  3716 | D:4      | Reached skill level 1 in Fire Magic
  3809 | D:4      | Reached XP level 7. HP: 57/57 MP: 2/14
  3836 | D:4      | Reached skill level 5 in Spellcasting
  4341 | D:4      | Killed Pikel
  4342 | D:4      | Reached skill level 7 in Spellcasting
  4342 | D:4      | Reached XP level 8. HP: 63/64 MP: 7/19
  4350 | D:4      | Learned a level 3 spell: Mephitic Cloud
  4554 | D:4      | Found a bloodstained altar of Trog.
  4678 | D:5      | Entered Level 5 of the Dungeon
  4777 | D:5      | Noticed Blork the orc
  4794 | D:5      | Killed Blork the orc
  4803 | D:5      | Found a staircase to the Ecumenical Temple.
  4811 | Temple   | Entered the Ecumenical Temple
  4822 | Temple   | Became a worshipper of Sif Muna the Loreminder
  4840 | D:5      | Reached skill level 8 in Spellcasting
  5171 | D:5      | Reached skill level 1 in Invocations
  5509 | D:6      | Reached XP level 9. HP: 35/73 MP: 12/21
  5602 | D:6      | You fall into a shaft and drop 1 floor!
  5936 | D:6      | Reached * piety under Sif Muna
  6718 | D:7      | Reached skill level 9 in Spellcasting
  6731 | D:7      | HP: 3/73 [centaur/arrow (7)]
  6735 | D:7      | Slain by a centaur

Illustrated notes

Levels and vault maps discovered:
D:1:      dpeg_arrival_central, layout_basic, minmay_vboxes
D:2:      layout_basic
D:3:      layout_basic, kennysheep_path_1, serial_bayou_pond_e
D:4:      layout_loops_corners, trog_hazing_becter, serial_demonic,
          serial_demonic_d, serial_demonic_b, serial_demonic_g,
          serial_demonic_e, chequers_ossuary_entry_cave, uniq_pikel
D:5:      nicolae_cairo_tiling_large, layout_basic,
          minmay_temple_entry_statues_fountains, chequers_serial_rivers_small_a,
          uniq_blork_the_orc
D:6:      layout_cave_pods, serial_gnoll_camp, gnoll_camp_mini_hut,
          gnoll_camp_huts_basic, gnoll_camp_mini_sergeant, gnoll_camp_medium_02,
          gnoll_camp_mini_hut
D:7:      layout_loops_cross
Temple:   nicolae_temple_bog_church

Skill      XL: |  1  2  3  4  5  6  7  8  9 |
---------------+----------------------------+-----
Fighting       | 1 2 |  2.0
Alchemy        | 4 5 6 |  6.0
Spellcasting   | 3 4 7 8 9 |  9.0
Fire Magic     | 2 |  2.0
Conjurations   | 3 4 |  4.8
Invocations    | 2 4 |  4.6
Dodging        | |  1.5
Stealth        | |  3.0

Action                     |  1- 3 |  4- 6 |  7- 9 || total
---------------------------+-------+-------+-------++-------
  Melee: Unarmed           |    15 |     6 |       ||    21
         Dagger            |       |    17 |       ||    17
         Short sword       |       |       |    81 ||    81
   Cast: Sting             |    36 |     6 |       ||    42
         Shock             |       |    54 |    13 ||    67
         Olgreb's Toxic Ra |       |     3 |    52 ||    55
         Mercury Vapours   |       |     2 |     2 ||     4
         Sticky Flame      |       |     3 |    14 ||    17
Ability: Spit Poison       |    37 |     7 |    10 ||    54
    Use: Scroll            |     5 |     2 |     4 ||    11
         Potion            |       |     1 |       ||     1
 Armour: Robe              |    21 |    39 |   119 ||   179
  Dodge: Dodged            |    11 |    30 |    74 ||   115

Table legend: (Time is in decaauts)
 A = Elapsed time spent in this place.
 B = Non-inter-level travel time spent in this place.
 C = Inter-level travel time spent in this place.
 D = Time resting spent in this place.
 E = Time spent auto-exploring this place.
 F = Levels seen in this place.
 G = Mean time per level.
                   A        B        C        D        E       F      G
               +--------+--------+--------+--------+--------+-----+--------+
         Total |   8718 |   8330 |    388 |   1089 |   5378 |   9 |  968.7 |
       Dungeon |   8011 |   7637 |    374 |    727 |   5367 |   7 | 1144.4 |
        Temple |     30 |     16 |     14 |      0 |      0 |   1 |   30.0 |
       Ossuary |    676 |    676 |      0 |    362 |     11 |   1 |  676.0 |
               +--------+--------+--------+--------+--------+-----+--------+

Top non-repeatable levels by time:
     D:4: 1868 daAuts
     D:6: 1608 daAuts
     D:1: 1279 daAuts
     D:3: 1174 daAuts
     D:2: 1065 daAuts
     D:5: 775 daAuts
 Ossuary: 676 daAuts
     D:7: 239 daAuts
  Temple: 30 daAuts
